Map: 死亡光环-天梯版

Players

Cyan

  • Race: Protoss Protoss
  • League: Master

iGMacSed (MacSed) - Winner!

  • Race: Protoss Protoss
  • League: Master

Event: DreamHack SC2 Masters 2020 Winter

VOD

Have the link to the VOD?

Description

Time

  • Played on: Oct. 28, 2020, 9:46 a.m.
  • Length: 24:30

All games in this series

Show
View Real Time Build Order
Export as new Build Order

Cyan Protoss 

Build Orders: Mass Adepts 

Get SALT Encoding   

  12  0:00  Probe  
  13  0:12  Probe  
  14  0:17  Pylon  
  14  0:24  Probe (Chrono Boost)  
  15  0:36  Gateway, Probe (Chrono Boost)  
  16  0:44  Probe (Chrono Boost)  
  16  0:46  Assimilator  
  17  0:51  Probe  
  18  1:03  Probe (Chrono Boost)  
  19  1:04  Assimilator  
  19  1:09  Gateway  
  19  1:13  Probe (Chrono Boost)  
  19  1:18  Probe (Chrono Boost)  
  20  1:24  Cybernetics Core  
  21  1:29  Probe  
  22  1:34  Pylon  
  22  1:41  Probe  
  23  1:53  Probe  
  24  1:59  Warp Gate (Chrono Boost)  
  24  2:01  Adept x2  
  28  2:05  Probe  
  29  2:10  Pylon  
  29  2:17  Pylon  
  29  2:19  Probe  
  30  2:31  Adept x2  
  34  2:39  Probe  
  35  2:50  Nexus  
  34  3:02  Adept x2  
  38  3:07  Pylon  
  38  3:11  Probe  
  39  3:17  Twilight Council  
  39  3:24  Shield Battery  
  39  3:25  Probe  
  40  3:38  Gateway  
  40  3:43  Adept  
  40  3:46  Adept  
  44  3:50  Resonating Glaives (Chrono Boost)  
  44  3:54  Shield Battery  
  44  4:01  Probe  
  45  4:05  Probe  
  46  4:10  Sentry x2  
  46  4:13  Probe  
  51  4:18  Probe  
  49  4:25  Probe  
  49  4:31  Probe  
  51  4:33  Adept x2  
  51  4:37  Adept  
  57  4:41  Probe  
  58  4:46  Pylon  
  58  4:54  Adept  
  58  4:55  Adept  
  62  5:04  Stalker  
  60  5:07  Probe (Chrono Boost)  
  60  5:10  Probe (Chrono Boost)  
  59  5:19  Probe (Chrono Boost)  
  57  5:25  Probe (Chrono Boost)  
  57  5:26  Probe (Chrono Boost)  
  57  5:27  Adept x2  
  58  5:30  Adept  
  58  5:32  Probe (Chrono Boost)  
  61  5:42  Probe (Chrono Boost)  
  62  5:44  Probe (Chrono Boost)  
  62  5:45  Pylon  
  61  5:52  Probe (Chrono Boost)  
  61  5:53  Probe (Chrono Boost)  
  52  5:57  Stalker  
  52  6:02  Probe  
  52  6:03  Probe  
  49  6:08  Blink (Chrono Boost)  
  43  6:14  Probe  
  43  6:16  Probe  
  43  6:24  Robotics Facility  
  43  6:26  Probe  
  43  6:29  Stalker  
  43  6:31  Probe  
  47  6:37  Stalker  
  47  6:38  Probe  
  50  6:43  Probe  
  50  6:45  Stalker  
  53  6:50  Probe  
  53  6:53  Stalker  
  56  6:55  Probe  
  57  7:02  Probe  
  57  7:06  Pylon  
  57  7:08  Assimilator, Probe  
  59  7:09  Assimilator  
  59  7:12  Observer  
  59  7:14  Probe  
  60  7:19  Adept  
  60  7:20  Adept, Probe  
  65  7:24  Pylon  
  65  7:25  Sentry  
  65  7:27  Probe  
  68  7:32  Probe  
  69  7:39  Probe  
  70  7:44  Probe, Immortal  
  75  7:56  Pylon  
  75  8:00  Gateway x2  
  75  8:11  Stalker x3  
  81  8:15  Probe x2  
  77  8:23  Pylon  
  77  8:27  Probe  
  77  8:28  Immortal  
  80  8:38  Stalker x2  
  84  8:43  Pylon  
  84  9:01  Nexus  
  84  9:04  Stalker, Shield Battery  
  84  9:06  Stalker  
  88  9:12  Stalker  
  88  9:15  Stalker  
  92  9:18  Probe  
  87  9:34  Stalker x2  
  91  9:40  Stalker x2  
  96  9:45  Probe x2  
  96  9:51  Observer  
  97  9:57  Probe x2  
  99  10:04  Gateway  
  99  10:08  Templar Archives  
  99  10:09  Probe  
  99  10:10  Gateway, Probe  
  101  10:17  Observer, Probe  
  99  10:22  Probe  
  100  10:29  Stalker x3  
  100  10:30  Probe x2  
  108  10:42  Stalker  
  110  10:48  Immortal  
  112  10:51  Probe  
  112  10:54  Probe  
  114  10:58  Gateway, Probe  
  114  10:59  Gateway  
  114  11:02  Observer  
  115  11:04  Probe  
  115  11:05  Assimilator  
  115  11:07  Charge (Chrono Boost)  
  115  11:08  High Templar x4  
  115  11:09  Forge  
  115  11:10  Assimilator  
  124  11:14  Archon  
  124  11:15  Archon  
  124  11:19  Pylon  
  124  11:21  Pylon x2  
  122  11:29  Probe  
  123  11:32  Observer  
  123  11:37  Gateway, Probe  
  123  11:39  Robotics Bay  
  125  11:43  Protoss Ground Weapons Level 1 (Chrono Boost)  
  125  11:45  Warp Prism  
  125  11:49  Nexus  
  125  11:50  Pylon, Robotics Facility  
  125  12:00  High Templar x2  
  125  12:01  Zealot  
  133  12:05  Pylon, Probe x2  
  133  12:06  Archon  
  135  12:09  Shield Battery  
  135  12:10  Probe  
  136  12:17  Probe x2  
  136  12:18  Photon Cannon  
  136  12:21  Photon Cannon  
  138  12:23  Shield Battery  
  134  12:30  Stalker x2  
  134  12:34  High Templar x4  
  146  12:38  Archon x2  
  146  12:41  Probe x2 (Chrono Boost)  
  146  12:43  Probe (Chrono Boost)  
  149  12:46  Disruptor (Chrono Boost)  
  152  12:53  Disruptor (Chrono Boost), Probe x2 (Chrono Boost)  
  152  12:54  Zealot  
  152  12:55  Zealot x3  
  165  12:59  Probe (Chrono Boost)  
  164  13:05  Pylon  
  164  13:10  Probe  
  161  13:17  Disruptor (Chrono Boost)  
  146  13:22  Disruptor (Chrono Boost)  
  146  13:26  Probe  
  148  13:30  Probe x2  
  148  13:33  Photon Cannon, Pylon, Protoss Ground Weapons Level 2 (Chrono Boost)  
  148  13:34  Photon Cannon  
  148  13:40  Gravitic Boosters  
  148  13:46  Probe  
  148  13:47  Dark Shrine  
  149  13:49  Assimilator  
  149  13:50  Assimilator, Photon Cannon  
  149  13:52  Shield Battery  
  149  13:53  Photon Cannon  
  149  13:54  Zealot  
  149  13:56  Pylon  
  149  14:02  Disruptor, Observer  
  153  14:15  Stalker x3  
  153  14:16  Stalker x3  
  163  14:17  Zealot  
  163  14:18  Zealot  
  165  14:35  Disruptor  
  165  14:37  Disruptor  
  171  14:40  Zealot  
  171  14:41  Zealot x5  
  171  14:42  Zealot x2  
  187  14:56  Gateway, Shadow Stride (Chrono Boost)  
  187  14:57  Gateway  
  187  14:59  Zealot  
  189  15:00  Nexus  
  189  15:01  Gateway, Pylon  
  189  15:04  Gateway, Pylon  
  187  15:21  Zealot x5  
  193  15:30  Photon Cannon  
  193  15:32  Photon Cannon  
  193  15:33  Photon Cannon  
  191  15:37  Photon Cannon, Shield Battery  
  191  15:40  Disruptor x2  
  193  15:47  Dark Templar  
  193  15:48  Dark Templar x3  
  193  15:52  Zealot  
  195  16:15  Disruptor  
  184  16:28  Disruptor  
  159  16:42  Dark Templar x6  
  159  16:44  Protoss Ground Weapons Level 3 (Chrono Boost)  
  171  16:51  Disruptor  
  172  17:03  Disruptor  
  175  17:16  Stalker x3  
  175  17:19  Assimilator  
  181  17:24  Assimilator  
  181  17:27  Photon Cannon, Disruptor  
  181  17:29  Photon Cannon  
  182  17:30  Pylon  
  168  17:39  Disruptor  
  169  18:09  Dark Templar x5, Disruptor (Chrono Boost)  
  169  18:12  Disruptor (Chrono Boost)  
  182  18:23  Stargate  
  178  18:31  Stalker  
  178  18:32  Stalker x4  
  176  18:38  Disruptor  
  176  18:41  Observer  
  162  18:59  Stalker x11  
  183  19:02  Observer  
  183  19:16  Nexus  
  178  19:18  Pylon  
  178  19:19  Observer  
  180  19:24  Observer  
  180  19:29  Pylon, Zealot x4  
  180  19:30  Zealot x3  
  192  19:31  Pylon  
  190  19:42  Photon Cannon  
  190  19:44  Photon Cannon  
  190  19:45  Photon Cannon  
  190  19:46  Shield Battery  
  190  19:49  Stargate  
  190  19:50  Stargate  
  188  19:55  Fleet Beacon, Protoss Air Weapons Level 1 (Chrono Boost)  
  188  20:01  Assimilator  
  188  20:03  Assimilator  
  188  20:07  Photon Cannon  
  188  20:09  Photon Cannon  
  188  20:10  Photon Cannon  
  188  20:11  Protoss Shields Level 1 (Chrono Boost)  
  188  20:12  Photon Cannon  
  188  20:13  Shield Battery  
  188  20:14  Shield Battery  
  188  20:18  Photon Cannon  
  188  20:19  Photon Cannon  
  186  20:30  Stargate  
  186  20:37  Gateway  
  186  20:39  Tempest x2  
  186  20:42  Gateway  
  196  20:45  Gateway  
  161  21:05  Stalker x2  
  161  21:06  Stalker x5  
  161  21:07  Stalker x3  
  161  21:10  Stalker x3  
  171  21:23  Tempest x2  
  149  21:31  Zealot  
  149  21:32  Zealot x6  
  163  21:43  Tempest  
  163  21:45  Disruptor x2  
  163  21:46  Zealot x4  
  166  22:06  Tempest x2  
  171  22:09  Stalker x2  
  171  22:10  Stalker  
  171  22:12  Stalker  
  178  22:23  Dark Templar x3  
  178  22:25  Tempest  
  183  22:33  Pylon  
  183  22:36  Pylon  
  153  22:49  Tempest x2  
  132  22:52  Dark Templar x2  
  132  22:53  Dark Templar x2  
  132  22:54  Dark Templar x3  
  126  23:01  Zealot x5  
  130  23:12  Stalker  
  120  23:14  Stalker x3  
  126  23:26  Stalker x4  
  130  23:27  Observer x2  
  130  23:31  Zealot x2  
  113  23:39  Stalker x2  
  104  23:49  Stalker  
  104  23:50  Stalker x2  
  104  23:54  Dark Templar x2  
  98  24:04  Stalker x2  
  98  24:05  Stalker  
Show
View Real Time Build Order
Export as new Build Order

iGMacSed Protoss - Winner!

Build Orders: Oracle Opening 

Get SALT Encoding   

  12  0:00  Probe  
  13  0:12  Probe  
  14  0:16  Pylon  
  14  0:24  Probe (Chrono Boost)  
  16  0:36  Gateway, Probe (Chrono Boost)  
  16  0:43  Probe (Chrono Boost)  
  16  0:46  Assimilator  
  17  0:51  Probe  
  18  1:03  Probe (Chrono Boost)  
  19  1:04  Assimilator  
  19  1:09  Gateway  
  19  1:12  Probe (Chrono Boost)  
  19  1:17  Probe (Chrono Boost)  
  20  1:25  Cybernetics Core  
  21  1:29  Probe  
  22  1:38  Pylon  
  22  1:41  Probe  
  23  1:56  Probe  
  24  2:01  Warp Gate  
  24  2:02  Stalker, Sentry  
  24  2:08  Probe  
  29  2:16  Pylon  
  29  2:39  Stargate, Adept  
  29  2:40  Adept  
  32  3:01  Nexus  
  32  3:15  Shield Battery  
  32  3:21  Oracle (Chrono Boost)  
  35  3:41  Probe  
  35  3:44  Pylon  
  36  3:49  Stalker  
  38  3:56  Probe  
  38  4:00  Oracle (Chrono Boost)  
  42  4:03  Stalker  
  42  4:09  Probe  
  45  4:12  Probe  
  46  4:21  Probe (Chrono Boost)  
  47  4:25  Probe (Chrono Boost)  
  47  4:26  Stalker x2  
  52  4:33  Probe (Chrono Boost)  
  52  4:36  Probe (Chrono Boost)  
  54  4:40  Probe (Chrono Boost)  
  54  4:41  Probe (Chrono Boost)  
  54  4:45  Twilight Council  
  56  4:47  Probe  
  56  4:51  Probe  
  58  4:53  Stalker  
  58  4:54  Stalker  
  58  4:59  Pylon  
  62  5:17  Pylon  
  62  5:19  Stalker x2  
  58  5:28  Probe  
  58  5:34  Shield Battery  
  58  5:35  Probe  
  59  5:39  Forge  
  59  5:40  Probe  
  60  5:42  Pylon  
  60  5:44  Adept x2  
  60  5:49  Probe  
  53  5:58  Probe  
  53  6:01  Probe  
  51  6:06  Stalker x2  
  51  6:10  Probe  
  53  6:12  Protoss Ground Weapons Level 1  
  53  6:13  Probe  
  53  6:16  Blink (Chrono Boost)  
  51  6:22  Probe  
  51  6:25  Probe  
  53  6:30  Photon Cannon  
  53  6:34  Probe  
  54  6:40  Shield Battery  
  54  6:42  Probe  
  54  6:46  Probe  
  56  6:54  Stalker, Probe  
  59  6:56  Stalker  
  59  7:01  Probe  
  62  7:06  Pylon, Probe  
  63  7:13  Probe  
  64  7:18  Probe  
  64  7:19  Robotics Facility  
  65  7:25  Probe  
  66  7:30  Assimilator, Stalker x2  
  70  7:39  Pylon  
  70  7:47  Gateway  
  70  7:49  Gateway  
  70  7:57  Probe x2  
  71  8:01  Stalker x2  
  75  8:09  Probe x2  
  75  8:11  Protoss Ground Weapons Level 2 (Chrono Boost)  
  77  8:24  Nexus  
  77  8:26  Pylon  
  77  8:27  Photon Cannon  
  77  8:37  Probe  
  78  8:44  Probe  
  78  8:46  Stalker x3  
  85  8:50  Probe  
  86  9:02  Pylon x2  
  86  9:05  Photon Cannon  
  86  9:12  Dark Shrine  
  86  9:20  Warp Prism, Probe  
  89  9:27  Probe  
  90  9:32  Probe  
  90  9:35  Stalker x4  
  90  9:37  Probe  
  98  9:39  Charge (Chrono Boost), Probe  
  98  9:44  Probe  
  100  9:53  Gateway  
  100  9:54  Gateway  
  100  10:00  Probe  
  100  10:02  Pylon  
  100  10:04  Assimilator  
  100  10:05  Assimilator  
  101  10:10  Gateway  
  101  10:11  Gateway  
  101  10:13  Probe  
  102  10:17  Pylon, Observer  
  103  10:25  Stalker x4  
  107  10:39  Protoss Ground Weapons Level 3 (Chrono Boost)  
  105  10:47  Immortal  
  109  10:53  Pylon  
  109  10:55  Pylon  
  109  10:58  Zealot x4  
  117  11:04  Probe  
  117  11:08  Shadow Stride  
  117  11:10  Robotics Bay  
  118  11:15  Probe  
  118  11:16  Shield Battery  
  116  11:30  Probe  
  116  11:31  Robotics Facility  
  107  11:33  Assimilator  
  107  11:37  Zealot x8  
  123  11:45  Probe x2  
  123  11:46  Probe  
  126  11:48  Robotics Facility  
  126  12:01  Stalker x3  
  132  12:02  Disruptor  
  135  12:09  Nexus  
  135  12:12  Pylon  
  135  12:13  Probe  
  135  12:14  Probe  
  137  12:18  Pylon, Gravitic Boosters  
  137  12:20  Disruptor (Chrono Boost)  
  138  12:31  Probe x2  
  138  12:32  Photon Cannon  
  138  12:35  Shield Battery  
  138  12:36  Disruptor (Chrono Boost)  
  140  12:37  Photon Cannon  
  140  12:38  Shield Battery  
  140  12:39  Disruptor (Chrono Boost)  
  146  12:52  Probe x2  
  146  12:53  Disruptor (Chrono Boost)  
  151  13:02  Gateway  
  151  13:04  Gateway  
  143  13:19  Disruptor x2  
  127  13:22  Stalker x6  
  133  13:28  Stalker x2  
  133  13:30  Disruptor  
  139  13:54  Zealot x3  
  139  13:55  Disruptor x2, Zealot x5  
  160  14:01  Assimilator  
  160  14:03  Assimilator  
  160  14:06  Disruptor  
  163  14:18  Probe  
  163  14:20  Protoss Shields Level 1 (Chrono Boost)  
  163  14:21  Stargate  
  163  14:23  Probe  
  157  14:27  Probe  
  157  14:28  Probe  
  157  14:30  Shield Battery  
  151  14:33  Photon Cannon  
  151  14:41  Stalker x7  
  162  14:51  Photon Cannon, Pylon  
  162  14:53  Shield Battery  
  162  15:05  Observer x2  
  163  15:16  Disruptor  
  163  15:20  Nexus  
  163  15:21  Dark Templar x3  
  163  15:25  Pylon  
  163  15:28  Dark Templar  
  171  15:31  Assimilator, Zealot  
  171  15:32  Zealot x3  
  177  15:42  Pylon  
  169  15:50  Photon Cannon  
  169  15:51  Disruptor  
  169  15:52  Photon Cannon  
  169  15:55  Shield Battery  
  169  15:56  Shield Battery  
  172  15:58  Shield Battery  
  172  16:04  Dark Templar x3  
  172  16:05  Zealot x3  
  159  16:41  Fleet Beacon  
  159  16:44  Stargate  
  159  16:46  Photon Cannon  
  159  16:48  Photon Cannon, Stargate  
  159  16:50  Shield Battery  
  159  16:51  Probe  
  160  16:54  Assimilator  
  160  16:56  Zealot x5  
  168  17:06  Observer (Chrono Boost)  
  168  17:07  Nexus  
  167  17:13  Observer (Chrono Boost)  
  164  17:18  Pylon  
  155  17:23  Dark Templar  
  155  17:24  Dark Templar x3  
  155  17:40  Zealot  
  155  17:41  Zealot x4  
  155  17:42  Zealot  
  166  17:47  Photon Cannon  
  164  17:51  Probe  
  164  17:57  Photon Cannon  
  164  17:59  Photon Cannon  
  164  18:01  Photon Cannon  
  157  18:05  Shield Battery, Probe  
  157  18:11  Carrier (Chrono Boost)  
  157  18:12  Carrier (Chrono Boost)  
  170  18:30  Photon Cannon  
  170  18:33  Pylon  
  170  18:36  Pylon  
  170  18:40  Carrier (Chrono Boost)  
  169  18:42  Pylon  
  169  18:45  Mothership (Chrono Boost)  
  175  18:51  Observer x2  
  160  19:00  Assimilator  
  160  19:02  Assimilator, Probe (Chrono Boost)  
  172  19:11  Zealot, Probe x3 (Chrono Boost)  
  172  19:14  Probe (Chrono Boost)  
  175  19:19  Probe x2  
  177  19:28  Zealot x4  
  185  19:35  Carrier (Chrono Boost)  
  183  19:46  Probe x2  
  183  19:47  Photon Cannon  
  185  19:54  Carrier (Chrono Boost)  
  191  20:05  Disruptor  
  194  20:12  Disruptor x2  
  200  20:34  Photon Cannon, Pylon  
  200  20:35  Photon Cannon  
  200  20:44  Protoss Air Weapons Level 1  
  187  21:05  Stalker x6  
  181  21:28  Carrier x2  
  178  21:45  Stalker x2  
  178  21:46  Stalker x7  
  163  22:15  Stalker x6  
  175  22:28  Observer (Chrono Boost)  
  165  22:35  Observer (Chrono Boost)  
  156  22:39  Observer (Chrono Boost)  
  156  22:42  Zealot x5  
  140  22:58  Stalker x3  
  140  23:01  Observer x2  
  126  23:19  Dark Templar x3  
  120  23:40  Stalker x4  
  116  23:47  Stalker  
  116  23:59  Observer  
  116  24:01  Stalker x3  
Tags
 
Add a new tag
Caveats
  • Supply blocks, unpowered buildings, or Contaminate may cause inaccurate times.
  • Supply counts are checked every 10 seconds.